 Dungeon Crawl Stone Soup version 0.32-a0-520-g344ed53f66 (webtiles) character file.

Game seed: 2306802070121395237

54260 BubbleThief the Fighter (level 14, -21/120 HPs)
             Began as a Demonspawn Necromancer on Feb 27, 2024.
             Was the Champion of Kikubaaqudgha.
             Demolished by Donald
             ... wielding a +3 double sword of holy wrath
              (40 damage)
             ... on level 1 of the Orcish Mines.
             The game lasted 00:50:13 (19056 turns).

BubbleThief the Fighter (Demonspawn Necromancer)   Turns: 19056, Time: 00:50:15

Health: -21/120    AC: 13    Str: 10    XL:     14   Next: 33%
Magic:  29/35      EV: 17    Int: 18    God:    Kikubaaqudgha [******]
Gold:   1457       SH:  6    Dex: 17    Spells: 10/29 levels left

rFire   + . .        f - +6 dagger of the Curious Ships {heavy, rC++ Int+2}
rCold   + + +        J - +0 buckler {rC+}
rNeg    . . .        c - +3 leather armour {rC+ rF+}
rPois   +            P - +0 helmet
rElec   .            (no cloak)
rCorr   .            L - +0 pair of gloves
SInv    .            Z - +1 pair of boots
Will    +....        d - amulet of regeneration
Stlth   ++           V - ring of poison resistance
HPRegen 1.20/turn    u - ring of magical power
MPRegen 0.24/turn

%: no passive effects
@: mighty, fugue, animating dead
A: molten scales 2, powered by death 1, powered by pain 1, weakness stinger 2
a: Renounce Religion, Unearth Wretches, Torment, Brand Weapon With Pain, Receive
Forbidden Knowledge


You were on level 1 of the Orcish Mines.
You worshipped Kikubaaqudgha.
Kikubaaqudgha was exalted by your worship.
You visited 4 branches of the dungeon, and saw 20 of its levels.
You also visited: Sewer, Ice Cave and Volcano.

You collected 1550 gold pieces.
You spent 93 gold pieces at shops.

Inventory:

Hand Weapons
 f - the +6 dagger of the Curious Ships (weapon) {heavy, rC++ Int+2}
   (You found it on level 4 of the Dungeon)

   Int+2:     It affects your intelligence (+2).
   rC++:      It greatly protects you from cold.
Armour
 c - a +3 leather armour of resistance (worn)
 J - a +0 buckler of cold resistance (worn)
 L - a +0 pair of gloves (worn)
 P - a +0 helmet (worn)
 Z - a +1 pair of boots (worn)
Jewellery
 d - an amulet of regeneration (around neck)
 u - a ring of magical power (right hand)
 z - a ring of protection from fire
 O - a ring of see invisible
 S - a +4 ring of protection
 V - a ring of poison resistance (left hand)
 Y - a ring of flight
Wands
 j - a wand of roots (8)
 x - a wand of acid (8)
 B - a wand of flame (23)
 T - a wand of digging (4)
 X - a wand of mindburst (4)
Scrolls
 g - 7 scrolls of fog
 h - 3 scrolls of enchant armour
 o - 3 scrolls of enchant weapon
 p - a scroll of revelation
 q - a scroll of identify
 r - a scroll of acquirement {unknown}
 s - 5 scrolls of teleportation
 y - 7 scrolls of blinking {unknown}
 A - 4 scrolls of summoning {unknown}
 E - 2 scrolls of brand weapon {unknown}
 K - a scroll of fear {unknown}
 M - 3 scrolls of poison {unknown}
 R - a scroll of silence {unknown}
 W - 2 scrolls of vulnerability {unknown}
Potions
 a - 2 potions of attraction
 b - 4 potions of magic
 e - 6 potions of heal wounds
 k - a potion of experience {unknown}
 m - 2 potions of enlightenment
 v - a potion of ambrosia
 w - 3 potions of might
 C - 4 potions of curing
 D - 6 potions of mutation
 F - 3 potions of brilliance
 G - 2 potions of haste
 H - 2 potions of lignification
 U - 3 potions of invisibility


   Skills:
 + Level 14.1 Fighting
 - Level 10.0 Short Blades
 + Level 11.2 Dodging
 - Level 1.7 Stealth
 - Level 6.0 Shields
 + Level 8.2 Spellcasting
 + Level 11.0 Necromancy


You had 10 spell levels left.
You knew the following spells:

 Your Spells              Type           Power      Damage    Failure   Level
a - Necrotise             Necr           100%       1d9       1%          1
b - Fugue of the Fallen   Necr           47%        N/A       1%          3
c - Animate Dead          Necr           47%        N/A       1%          4
d - Dispel Undead         Necr           47%        3d18      1%          4
e - Sublimation of Blood  Necr           47%        N/A       1%          2
f - Curse of Agony        Necr           47%        N/A       5%          5

Your spell library contained the following spells:

 Spells                   Type           Power      Damage    Failure   Level
 Vampiric Draining        Necr           47%        2d9       1%          3
 Cigotuvi's Dreadful Rot  Necr/Alch/Air  40%        N/A       6%          2
 Freeze                   Ice            28%        1d5       19%         1
 Shock                    Conj/Air       28%        1d4       19%         1
 Anguish                  Hex/Necr       13%        N/A       19%         4
 Martyr's Knell           Necr/Summ      27%        N/A       19%         4
 Blink                    Tloc           14%        N/A       28%         2
 Call Imp                 Summ           14%        N/A       28%         2
 Lesser Beckoning         Tloc           14%        N/A       28%         2
 Momentum Strike          Conj/Tloc      14%        3d8       28%         2
 Death Channel            Necr           23%        N/A       30%         6
 Frozen Ramparts          Ice            14%        1d3       50%         3
 Gell's Gravitas          Tloc           7%         N/A       50%         3
 Ozocubu's Armour         Ice            7%         N/A       50%         3
 Summon Ice Beast         Ice/Summ       7%         N/A       50%         3
 Swiftness                Air            7%         N/A       50%         3
 Teleport Other           Tloc           7%         N/A       50%         3
 Airstrike                Air            3%         2d(1-17)  88%         4
 Vhi's Electric Charge    Tloc/Air       14%        N/A       88%         4
 Arcjolt                  Conj/Air       3%         1d13      99%         5
 Metabolic Englaciation   Hex/Ice        3%         N/A       99%         5
 Dispersal                Tloc           3%         N/A       100%        6
 Plasma Beam              Fire/Air       3%         2x1d13    100%        6
 Sculpt Simulacrum        Ice/Alch       3%         N/A       100%        6
 Summon Hydra             Summ           3%         N/A       100%        7
 Death's Door             Necr           23%        N/A       100%        9


Dungeon Overview and Level Annotations

Branches:
Dungeon (12/15)            Temple (1/1) D:5            Lair (5/5) D:11
 Shoals (0/4) Lair:2       Spider (0/4) Lair:3          Orc (2/2) D:10
  Sewer (visited)           IceCv (visited)         Volcano (visited)
  Slime: Lair:4-5       Elf: Orc:2

Altars:
Ashenzari
Cheibriados
Dithmenos
Fedhas
Gozag
Hepliaklqana
Kikubaaqudgha
Makhleb
Nemelex Xobeh
Okawaru
Qazlal
Ru
Sif Muna
Trog
Uskayaw
Vehumet
Wu Jian
Xom
Yredelemnul
Beogh

Shops:
D:4 :   Orc:1 *

Portals:
Trove: D:11 (give 15 scrolls of teleportation)

Annotations:
D:12 2 transporters, Triskal's ghost, journeyman TrGl
Lair:5 Rupert
Orc:1 Donald


Innate Abilities, Weirdness & Mutations

You are mostly covered in molten scales. (AC +3)
You regenerate a little health from kills.
You sometimes gain a little power by taking damage.
You have a tail ending in a sharp stinger.


Message History

An ogre comes into view. It is wielding a +0 giant spiked club.
Donald mumbles some strange words.
Donald seems to grow stronger.
Unknown command.
You puncture the orc!
You kill the orc!
Kikubaaqudgha accepts your kill.
The dead are walking!
Unknown command.
Unknown command.
You completely miss the orc priest. You tail-slap the orc priest.
The orc priest is lightly wounded.
The orc priest calls upon Beogh to heal the orc priest.
The orc priest's wounds heal themselves!
An orc warrior comes into view. It is wielding a +0 flail.
The orc priest calls down the wrath of Beogh upon you.
Beogh smites you!
Unknown command.
The orc barely misses you. The orc priest completely misses you.
Donald hits you with a +3 double sword of holy wrath!!
You focus on the pain.
You feel very mighty all of a sudden.
You convulse!!!
* * * LOW HITPOINT WARNING * * *
Your orc zombie barely misses the orc.
You climb upwards.
The wailing of tortured souls fills the air!
There is a stone staircase leading down here.
Unknown command.
As you read the scroll labelled WARCHU RU GITH, it crumbles to dust.
It is a scroll of enchant weapon.
You aren't carrying any weapons that can be enchanted.
The orc priest calls down the wrath of Beogh upon you.
Beogh smites you!
* * * LOW HITPOINT WARNING * * *
The orc closely misses you.
Donald hits you with a +3 double sword of holy wrath!!!
You die...
Donald says, "Well, maybe you weren't so bad after all."
Kikubaaqudgha rasps: You have failed me!
Welcome... death!

##...........................
##.....#.#.......#...........
#..............####..........
##............#..#...##......
#...................##......
##............#.............#
#...#.......................#
##...........o..#...#......##
#.........o@...............#
##........@.o.......#..#)..#
#....##............##......
#####...#..................#.#
###.#.#..#..............##.#####
##........#....#...#......###
#....#.#.#.....#.........##
##.#######...........##.## ###
#............####


You could see Donald (strong), an orc priest, an orc wizard and an orc.

Vanquished Creatures
  An ice dragon (Lair:2)
  A catoblepas (Lair:3)
  4 two-headed ogres
  2 hydras (Lair:2)
  2 boulder beetles (D:12)
  4 death yaks (Lair:4)
  A sun demon (Volcano)
  A hell knight (Volcano)
  A skyshark (Lair:2)
  A necromancer (IceCv)
  2 ugly things (Volcano)
  A deep elf pyromancer (D:12)
  An orc sorcerer (Volcano)
  3 cyclopes (D:12)
  2 black mambas
  12 elephants
  3 smoke demons (Volcano)
  7 cane toads
  An unseen horror (D:9)
  4 komodo dragons
  3 freezing wraiths (IceCv)
  13 ice devils (IceCv)
  An anaconda simulacrum (IceCv)
  Psyche (D:12)
  3 trolls
  A red devil (Volcano)
  2 polar bears
  5 dream sheep
  4 blink frogs
  2 shadows
  A dire elephant simulacrum (IceCv)
  8 wyverns
  3 wraiths
  A vampire (D:11)
  2 fire bats (Lair:5)
  18 yaks
  2 wargs (Orc:1)
  A basilisk (Lair:4)
  A steam dragon (D:9)
  A death yak simulacrum (IceCv)
  3 vampire mosquitoes (D:12)
  3 harpy simulacra (IceCv)
  2 acid dragons
  4 hell hounds (Volcano)
  3 water moccasins
  A sky beast (D:7)
  4 ice beasts
  A black bear (D:11)
  6 orc warriors
  5 centaurs
  An ogre (Orc:1)
  15 wolves
  3 phantoms
  A weeping skull (D:6)
  14 bullfrogs
  A gnoll sergeant (D:8)
  2 two-headed ogre simulacra (IceCv)
  5 cane toad simulacra (IceCv)
  8 wights
  5 elephant simulacra (IceCv)
  9 killer bees
  An electric eel (Lair:1)
  4 howler monkeys
  10 orc priests
  7 hounds
  3 jellies
  2 gnoll boudas (D:6)
  A sleepcap (D:5)
  3 iguanas
  8 orc wizards
  5 polar bear simulacra (IceCv)
  4 wolf simulacra (IceCv)
  13 gnolls
  7 adders
  2 naga simulacra (IceCv)
  2 river rats (Sewer)
  A shadow imp (D:8)
  4 white imps
  A ribbon worm (D:2)
  3 dart slugs
  44 orcs
  4 bats
  5 endoplasms
  5 giant cockroaches
  5 goblins
  3 hobgoblins
  11 jackals
  5 quokkas
  20 ball pythons
  2 frilled lizards
  6 kobolds
  18 rats
  A spectral orc (D:6)
433 creatures vanquished.

Vanquished Creatures (collateral kills)
  A death yak (Lair:4)
  A sun demon (Volcano)
  A skyshark (Lair:4)
  An oklob plant (Lair:4)
  A meliai (Lair:3)
  7 elephants
  2 komodo dragons (Lair:2)
  4 blink frogs
  5 dream sheep
  11 yaks
  A wyvern (Lair:2)
  A fire bat (Lair:5)
  3 basilisks
  A steam dragon (Lair:1)
  4 water moccasins
  An acid dragon (D:11)
  An ogre (Orc:1)
  5 wolves
  A centaur (D:11)
  4 bullfrogs
  An electric eel (Lair:2)
  2 orc priests
  A gnoll (D:6)
  A river rat (Sewer)
  8 orcs
  2 ball pythons (Sewer)
  A goblin (D:4)
  A hobgoblin (D:3)
  A jackal (D:5)
  A frilled lizard (Sewer)
  15 rats
90 creatures vanquished.

Vanquished Creatures (others)
  An arcanist (D:9)
  2 anaconda simulacra (IceCv)
  A black mamba zombie (Lair:4)
  A cane toad zombie (Lair:4)
  An elephant zombie (Lair:3)
  4 hell hound zombies (Volcano)
  A water moccasin zombie (Lair:4)
  A human zombie (D:12)
  9 yak zombies
  9 wolf zombies (Lair:3)
  A bullfrog zombie (D:11)
  A gnoll (D:8)
  10 orc zombies
42 creatures vanquished.

Grand Total: 565 creatures vanquished

Notes
Turn   | Place    | Note
-------+----------+-------------------------------------------
     0 | D:1      | BubbleThief the Demonspawn Necromancer began the quest for
                  | the Orb.
     0 | D:1      | Reached XP level 1. HP: 13/13 MP: 3/3
   323 | D:1      | Gained mutation: You regenerate a little health from kills.
                  | [demonic ancestry]
   323 | D:1      | Reached XP level 2. HP: 19/19 MP: 1/5
   989 | D:1      | Reached skill level 5 in Necromancy
  1155 | D:2      | Reached XP level 3. HP: 24/24 MP: 1/6
  1822 | D:2      | Reached XP level 4. HP: 30/30 MP: 4/8
  2487 | D:3      | Gained mutation: You are partially covered in molten
                  | scales. (AC +2) [demonic ancestry]
  2487 | D:3      | Reached XP level 5. HP: 35/35 MP: 1/9
  3025 | D:4      | Identified the +6 dagger of the Curious Ships {heavy, rC++
                  | Int+2}
  3200 | D:4      | Found Caesoe's Book Emporium.
  3619 | D:4      | Reached skill level 1 in Fighting
  3689 | D:4      | Found a shimmering altar of Xom.
  3755 | D:4      | Found a shimmering blue altar of Sif Muna.
  3858 | D:5      | Entered Level 5 of the Dungeon
  3957 | D:5      | Gained mutation: You have a small tail. [demonic ancestry]
  3957 | D:5      | Reached XP level 6. HP: 43/43 MP: 11/11
  4005 | D:5      | Found a staircase to the Ecumenical Temple.
  4013 | D:5      | Reached skill level 2 in Fighting
  4018 | Temple   | Entered the Ecumenical Temple
  4034 | Temple   | Became a worshipper of Kikubaaqudgha
  4233 | D:5      | Reached skill level 3 in Fighting
  4303 | D:5      | Noticed an ice beast
  4308 | D:5      | Killed an ice beast
  4309 | D:5      | Reached skill level 4 in Fighting
  4309 | D:5      | Reached XP level 7. HP: 55/55 MP: 12/12
  4930 | D:6      | Reached skill level 5 in Fighting
  5117 | D:6      | Reached skill level 6 in Fighting
  5128 | D:6      | Reached skill level 1 in Short Blades
  5256 | D:6      | Reached * piety under Kikubaaqudgha
  5256 | D:6      | Received a gift from Kikubaaqudgha
  5357 | D:6      | Reached XP level 8. HP: 22/65 MP: 13/13
  5444 | D:6      | Found a glowing drain.
  5448 | Sewer    | Entered a sewer
  5558 | Sewer    | Reached ** piety under Kikubaaqudgha
  5768 | Sewer    | Reached skill level 7 in Fighting
  5908 | D:6      | Found a basalt altar of Yredelemnul.
  6218 | D:6      | Reached *** piety under Kikubaaqudgha
  6218 | D:6      | Received a gift from Kikubaaqudgha
  6308 | D:6      | Identified the +1 robe of True Grit {+Blink}
  6377 | D:6      | Learned a level 3 spell: Fugue of the Fallen
  6382 | D:6      | Learned a level 4 spell: Animate Dead
  6387 | D:6      | Learned a level 4 spell: Dispel Undead
  6875 | D:7      | Reached skill level 8 in Fighting
  6937 | D:7      | Noticed a +0 falchion
  6937 | D:7      | Noticed a +0 spear
  6937 | D:7      | Noticed a +0 dagger
  6938 | D:7      | Noticed a +0 falchion
  6940 | D:7      | Noticed a +0 spear
  6942 | D:7      | Noticed a +0 short sword
  6972 | D:7      | Noticed a +0 short sword
  6972 | D:7      | Noticed a +0 dagger
  7023 | D:7      | Found a hide-covered altar of Uskayaw.
  7202 | D:7      | Reached XP level 9. HP: 74/74 MP: 14/14
  7787 | D:8      | Found an iron altar of Okawaru.
  7807 | D:8      | Reached skill level 5 in Short Blades
  8258 | D:8      | Found a hazy altar of Hepliaklqana.
  8860 | D:9      | Identified the +2 leather armour of Avant Garde Birdsong
                  | {rF+ rCorr Str-3}
  9000 | D:9      | Learned a level 2 spell: Sublimation of Blood
  9016 | D:9      | Reached skill level 9 in Fighting
  9039 | D:9      | Noticed a troll
  9049 | D:9      | Killed a troll
  9079 | D:9      | Reached skill level 5 in Dodging
  9578 | D:9      | Gained mutation: You have a tail ending in a sharp stinger.
                  | [demonic ancestry]
  9578 | D:9      | Reached XP level 10. HP: 77/83 MP: 15/15
  9626 | D:9      | Found a burning altar of Makhleb.
  9688 | D:9      | Noticed a two-headed ogre
  9702 | D:9      | Killed a two-headed ogre
  9801 | D:9      | Found a bloodstained altar of Trog.
  9805 | D:9      | Noticed a wizard
  9810 | D:9      | Killed a wizard
  9935 | D:10     | Entered Level 10 of the Dungeon
 10098 | D:9      | Reached **** piety under Kikubaaqudgha
 10119 | D:9      | Reached skill level 10 in Fighting
 10316 | D:10     | Noticed a two-headed ogre
 10334 | D:10     | Killed a two-headed ogre
 10433 | D:10     | Found a staircase to the Orcish Mines.
 10438 | D:10     | Noticed a two-headed ogre
 10448 | D:10     | Killed a two-headed ogre
 10518 | D:10     | Gained mutation: You sometimes gain a little power by
                  | taking damage. [demonic ancestry]
 10518 | D:10     | Reached XP level 11. HP: 89/92 MP: 16/16
 10701 | D:10     | Found a roughly hewn altar of Beogh.
 10776 | D:11     | Noticed a two-headed ogre
 10782 | D:11     | Killed a two-headed ogre
 10783 | D:11     | Reached skill level 11 in Fighting
 10993 | D:11     | Found a portal to a secret trove of treasure.
 11361 | D:11     | Found a staircase to the Lair.
 11623 | Lair:1   | Entered Level 1 of the Lair of Beasts
 11774 | Lair:1   | Found a frozen archway.
 11783 | IceCv    | Entered an ice cave
 11882 | IceCv    | Reached ***** piety under Kikubaaqudgha
 12234 | IceCv    | Found an ancient bone altar of Kikubaaqudgha.
 12323 | IceCv    | Reached skill level 5 in Spellcasting
 12463 | IceCv    | HP: 4/95 [ice devil (2)]
 12555 | IceCv    | Reached XP level 12. HP: 101/101 MP: 20/20
 12883 | IceCv    | Reached skill level 1 in Shields
 12942 | IceCv    | Got the Catalogue of Creeping Snow
 13150 | Lair:1   | Learned a level 5 spell: Curse of Agony
 13367 | Lair:1   | Reached skill level 12 in Fighting
 13777 | Lair:2   | Found a staircase to the Shoals.
 14132 | Lair:2   | Noticed a six-headed hydra
 14141 | Lair:2   | Killed a six-headed hydra
 14367 | Lair:2   | Reached skill level 10 in Short Blades
 14543 | Lair:2   | Noticed a five-headed hydra
 14547 | Lair:2   | Noticed an ice dragon
 14611 | Lair:2   | Killed a five-headed hydra
 14801 | Lair:2   | Killed an ice dragon
 14898 | Lair:3   | Gained mutation: You are mostly covered in molten scales.
                  | (AC +3) [demonic ancestry]
 14898 | Lair:3   | Reached XP level 13. HP: 98/109 MP: 22/22
 15110 | Lair:3   | Found a hole to the Spider Nest.
 15204 | Lair:3   | Reached skill level 5 in Shields
 15270 | Lair:3   | Reached skill level 13 in Fighting
 15367 | Lair:3   | Reached skill level 10 in Dodging
 16266 | Lair:4   | Reached ****** piety under Kikubaaqudgha
 16327 | Lair:4   | Reached skill level 10 in Necromancy
 16472 | Lair:4   | Found an ornate altar of the Wu Jian Council.
 16798 | Lair:5   | Entered Level 5 of the Lair of Beasts
 16931 | Lair:5   | Found a dark tunnel.
 16949 | Volcano  | Entered a volcano
 16966 | Volcano  | Reached XP level 14. HP: 33/119 MP: 25/25
 16970 | Volcano  | Found a large runed translucent door.
 16970 | Volcano  | Found a large runed translucent door.
 16986 | Volcano  | Found a large runed translucent door.
 16986 | Volcano  | Found a large runed translucent door.
 16986 | Volcano  | Found a large runed translucent door.
 16986 | Volcano  | Found a large runed translucent door.
 16986 | Volcano  | Found a large runed translucent door.
 16986 | Volcano  | Found a large runed translucent door.
 17066 | Volcano  | Found a large runed translucent door.
 17066 | Volcano  | Found a large runed translucent door.
 17092 | Volcano  | Found a large runed translucent door.
 17092 | Volcano  | Found a large runed translucent door.
 17114 | Volcano  | Found a large runed translucent door.
 17115 | Volcano  | Found a large runed translucent door.
 17171 | Volcano  | Found a large runed translucent door.
 17171 | Volcano  | Found a large runed translucent door.
 17186 | Volcano  | HP: 4/119 [sun demon (8)]
 17250 | Volcano  | Found a large runed translucent door.
 17250 | Volcano  | Found a large runed translucent door.
 17383 | Lair:5   | Noticed Rupert
 17570 | D:12     | Noticed Psyche
 17599 | D:12     | Killed Psyche
 17672 | D:12     | Your ally Psyche died
 17796 | D:12     | Reached skill level 14 in Fighting
 18272 | D:12     | Identified the +7 great mace of Indomitability {holy,
                  | *Corrode rPois rN+ Str+2}
 18272 | D:12     | Noticed Triskal's ghost (journeyman TrGl)
 18285 | D:12     | Found a transporter.
 18363 | D:12     | Found a transporter.
 18686 | Orc:1    | Entered Level 1 of the Orcish Mines
 18686 | Orc:1    | Found Loreaxtuupn's Assorted Antiques.
 18739 | Orc:1    | Bought a scroll of teleportation for 93 gold pieces
 19049 | Orc:2    | Entered Level 2 of the Orcish Mines
 19049 | Orc:2    | Noticed Donald
 19056 | Orc:1    | Demolished by Donald

Illustrated notes

Levels and vault maps discovered:
D:1:      sevenhm_arrival_forest_fort_small_6, layout_loops_ring,
          reono_crystal_passage, minmay_door_square, nrook_campfire
D:2:      layout_basic, roderic_roman_lattice, chequers_serial_rivers_large_b
D:3:      layout_loops_ring, gammafunk_ghost_necromancy
D:4:      layout_basic, mainiacjoe_overflow_swirl, elyvilon_altar_5,
          serial_shops, shop, serial_bayou_pond_e, kennysheep_generic_room_12
D:5:      layout_gridville, temple_statues
D:6:      layout_loops_ring, yredelemnul_forgotten_temple_becter,
          gup_sewer_entry_spiral, hangedman_glass_teeth
D:7:      layout_basic, nicolae_uskayaw_en_pointe
D:8:      layout_gridville, mainiacjoe_overflow_catwalk_spiral
D:9:      layout_irregular_city, trog_wizard,
          mainiacjoe_overflow_six_doors_small
D:10:     layout_rooms, minmay_orc_entry_temple_small, grunt_ministairs_13
D:11:     layout_loops_ring, grunt_lair_entry_orc_guard_hut, enter_trove_2
D:12:     layout_loops_ring, gammafunk_ghost_smash, uniq_psyche
Temple:   nicolae_temple_god_jail
Lair:1:   layout_gridlike, portal_ice_cave_entry_pillars_2
Lair:2:   dragon1_lemuel, layout_misc_corridors, shoals_dummy_entry,
          basic_altar, st_stairs_6, grunt_forest_large_clearings,
          infiniplex_staircase_pool_2, lemuel_fruit_tree
Lair:3:   layout_chaotic_city, hellmonk_spider_entry_not_the_bees,
          nicolae_quartered_pool_little
Lair:4:   layout_cave_pods, lemuel_oklob_altar
Lair:5:   hellmonk_lair_end_abyssal_woods, layout_gridlike,
          nicolae_slime_entry_slimehenge, nicolae_volcano_entry_batcave,
          minivault_25, uniq_rupert, uniq_snorg
Orc:1:    layout_caves, serial_shops, nicolae_shop_overgrown_old_shop,
          uniq_nergalle
Orc:2:    grunt_orc_community_town_hall, layout_diamond_mine,
          grunt_orc_community_big_house_1, grunt_orc_community_big_house_1,
          grunt_orc_community_house_3, grunt_orc_community_house_3,
          grunt_orc_community_house_3, grunt_orc_community_house_2,
          gauntlet_entry_generic, uniq_donald

Skill      XL: |  1  2  3  4  5  6  7  8  9 10 11 12 13 14 |
---------------+-------------------------------------------+-----
Necromancy     | 5 6 8 9 10 11 | 11.0
Spellcasting   | 3 5 6 7 8 |  8.2
Fighting       | 1 4 6 8 9 10 11 12 13 14 | 14.1
Short Blades   | 2 4 6 8 9 10 | 10.0
Dodging        | 3 5 7 8 9 10 11 | 11.2
Shields        | 4 6 |  6.0
Stealth        | |  1.7

Action                     |  1- 3 |  4- 6 |  7- 9 | 10-12 | 13-15 || total
---------------------------+-------+-------+-------+-------+-------++-------
  Melee: Unarmed           |     1 |       |       |       |       ||     1
         Punch             |     1 |       |       |       |       ||     1
         Dagger            |    15 |    30 |   103 |   627 |   565 ||  1340
         Tailslap          |       |     3 |    16 |   128 |   123 ||   270
  Throw: Dart              |       |     2 |       |       |       ||     2
   Cast: Necrotise         |    74 |   102 |   246 |    54 |     1 ||   477
         Dispel Undead     |       |       |     8 |    39 |     9 ||    56
         Animate Dead      |       |       |       |     7 |    14 ||    21
         Fugue of the Fall |       |       |       |     5 |    15 ||    20
         Curse of Agony    |       |       |       |     9 |    11 ||    20
  Evoke: Wand              |       |       |     5 |    41 |     3 ||    49
    Use: Scroll            |       |       |       |     9 |    12 ||    21
         Potion            |       |       |       |       |     4 ||     4
   Stab: Sleeping          |     1 |       |     3 |     3 |       ||     7
         Distracted        |       |       |       |     6 |     6 ||    12
 Armour: Robe              |    20 |    20 |   123 |       |       ||   163
         Leather armour    |       |       |    32 |   488 |   421 ||   941
  Dodge: Dodged            |    15 |    36 |   186 |   423 |   443 ||  1103
         Repelled          |       |       |     2 |     4 |     6 ||    12
  Block: Buckler           |       |       |       |    50 |   164 ||   214

Table legend: (Time is in decaauts)
 A = Elapsed time spent in this place.
 B = Non-inter-level travel time spent in this place.
 C = Inter-level travel time spent in this place.
 D = Time resting spent in this place.
 E = Time spent auto-exploring this place.
 F = Levels seen in this place.
 G = Mean time per level.
                   A        B        C        D        E       F      G
               +--------+--------+--------+--------+--------+-----+--------+
         Total |  19009 |  18086 |    923 |    465 |  13164 |  23 |  826.5 |
       Dungeon |  12400 |  11771 |    629 |    212 |   9286 |  12 | 1033.3 |
        Temple |     30 |      2 |     28 |      0 |      0 |   1 |   30.0 |
          Lair |   4214 |   3963 |    251 |     67 |   2837 |   5 |  842.8 |
  Orcish Mines |    362 |    347 |     15 |      0 |    280 |   2 |  181.0 |
         Sewer |    424 |    424 |      0 |      0 |    279 |   1 |  424.0 |
      Ice Cave |   1182 |   1182 |      0 |    145 |    481 |   1 | 1182.0 |
       Volcano |    394 |    394 |      0 |     41 |      0 |   1 |  394.0 |
               +--------+--------+--------+--------+--------+-----+--------+

Top non-repeatable levels by time:
     D:9: 1340 daAuts
     D:2: 1281 daAuts
     D:7: 1271 daAuts
     D:6: 1238 daAuts
   IceCv: 1182 daAuts
     D:1: 1125 daAuts
  Lair:2: 1111 daAuts
     D:5: 1069 daAuts
    D:12: 1066 daAuts
  Lair:3: 1066 daAuts
     D:8: 1032 daAuts
  Lair:1: 1001 daAuts
    D:11: 859 daAuts
  Lair:4: 857 daAuts
     D:4: 837 daAuts
